cohdb
Replays
Latest Replays
All Replays
Popular Replays
Top Player Replays
Match Explorer
How It Works
Community
CoH3 Stats
Reddit
Sign in to upload your games and track your stats! →
Sign in with Steam
Match 41702724
Unlisted
Match 41702724
Overview
Messages
Build Orders
End
Construct Infanterie Kompanie
Kettenkrad Recon Vehicle
Selects Terror Battlegroup
Selects Machine Gun Camouflage
MG 42 Machine Gun Team
MG 42 Machine Gun Team
GrW 34 Mortar Team
Grenadier Squad
Construct Panzergrenadier Kompanie
251 Medium Carrier
Pak 40 Anti-tank Gun Team
Selects Defend the Fatherland
Medical Bunker
251 Medium Carrier
Construct Panzer Kompanie
Pioneer Squad
Panzer IV Medium Tank
Panzer IV Medium Tank
ibra_iq
shmshom
SezearIQ
Ranger1408
sergio
ManFrau
0
0
Comments
sign in to comment!
No comments posted yet!